AoeStats
← thomas89671173

Arena

507931962Analyzed
1v1 RM · 13d ago on Sep 20, 2026· 21m 43s· 2 players
Game mode
Random Map
Map size
Tiny (2 player)
Population
200
Speed
Normal
Resources
Standard
Victory
Conquest
Starting age
Dark Age
Ending age
Imperial Age
RankedLock teamsTeams togetherTeam positionsShared explorationLock speedFull tech treeHidden civsTurbo modeCheats
Victory
Defeat
🇹🇼 Wu · Taiwan
1235
+16
🇺🇸 Mongols · United States
1236
-16
thomas89671173
10:43 Feudal Age
15:14 Castle Age
13:25 Loom
13:47 Double-Bit Axe
16:44 Bow Saw
16:55 Fletching
17:38 Bodkin Arrow
Mongoloid
10:45 Feudal Age
11:59 Double-Bit Axe
14:59 Castle Age
13:15 Horse Collar
16:11 Bow Saw
17:31 Wheelbarrow
17:17 Heavy Plow
18:00 Fletching
18:03 Loom
21:08 Bodkin Arrow
Connection lost

Rejoining the realm…

Still unreachable

The connection could not be restored.

Session expired

The server has moved on; the page needs a fresh start.